SNL (28 & UNDER)
BEAUMONT ROUGHNECKS @ MEMPHIS BLUES
04/10/2026
 
TOP OF THE 1ST
New Hampshire Fisher Cats batting - Pitching for Memphis Blues : LHP Fernando Palácios
Pitching: LHP Fernando Palácios
Batting: SHB Ken Hernández 0-0: Ball
1-0: Ball
2-0: Ground out 1-3 (Groundball, 15)
Batting: RHB Tim Robertson 0-0: Ball
1-0: Ball
2-0: Fly out, F8 (Flyball, 8LD)
Batting: RHB Felipe Rivas 0-0: Called Strike
0-1: Foul Ball, location: 2F
0-2: Ball
1-2: Foul Ball, location: 2F
1-2: SINGLE (Groundball, 4M)
Batting: LHB Tony Rivera 0-0: Called Strike
0-1: Ground out 5-3 (Groundball, 56S)
Top of the 1st over - 0 run(s), 1 hit(s), 0 error(s), 1 left on base; New Hampshire 0 - Memphis 0
BOTTOM OF THE 1ST
Memphis Blues batting - Pitching for New Hampshire Fisher Cats : RHP Jim Fitzgerald
Pitching: RHP Jim Fitzgerald
Batting: SHB Terry Dailey 0-0: Ball
1-0: Swinging Strike
1-1: Foul Ball, location: 2F
1-2: Foul Ball, location: 2F
1-2: Fly out, F7 (Flyball, 78M)
Batting: RHB Jaime Spiridon 0-0: Ball
1-0: Fly out, F7 (Flyball, 78M)
Batting: LHB Phil Cantrell 0-0: Ball
1-0: Ball
2-0: Ball
3-0: Called Strike
3-1: Base on Balls
Batting: LHB John Foster 0-0: Swinging Strike
0-1: Swinging Strike
0-2: Foul Ball, location: 2F
0-2: Ball
1-2: Foul Ball, location: 2F
1-2: Strikes out swinging
Bottom of the 1st over - 0 run(s), 0 hit(s), 0 error(s), 1 left on base; New Hampshire 0 - Memphis 0
TOP OF THE 2ND
New Hampshire Fisher Cats batting - Pitching for Memphis Blues : LHP Fernando Palácios
Batting: RHB José Sánchez 0-0: Foul Ball, location: 2F
0-1: Ball
1-1: Ball
2-1: Ball
3-1: Foul Ball, location: 2F
3-2: Foul Ball, location: 2F
3-2: Base on Balls
Batting: RHB Anthony Hezell 0-0: Called Strike
0-1: Swinging Strike
0-2: Foul Ball, location: 2F
0-2: Ball
1-2: Strikes out swinging
Batting: RHB Benjamin Lawson 0-0: Ball
1-0: Foul Ball, location: 2F
1-1: Foul Ball, location: 2F
1-2: Grounds into double play, 4-6-3 (Groundball, 4)
Top of the 2nd over - 0 run(s), 0 hit(s), 0 error(s), 0 left on base; New Hampshire 0 - Memphis 0
BOTTOM OF THE 2ND
Memphis Blues batting - Pitching for New Hampshire Fisher Cats : RHP Jim Fitzgerald
Batting: LHB Alan McGilroy 0-0: Ball
1-0: Ball
2-0: SINGLE (Line Drive, 89S)
Batting: LHB Ricardo García 0-0: Called Strike
0-1: Swinging Strike
0-2: Strikes out swinging
Batting: RHB Jorge Fuentes 0-0: Ball
1-0: Ball
2-0: Ball
3-0: Base on Balls
Alan McGilroy to second
Batting: LHB Ken Nelson 0-0: Ball
1-0: Swinging Strike
1-1: Ball
2-1: Called Strike
2-2: Ball
3-2: Grounds into double play, 5-4-3 (Groundball, 56)
Bottom of the 2nd over - 0 run(s), 1 hit(s), 0 error(s), 1 left on base; New Hampshire 0 - Memphis 0
TOP OF THE 3RD
New Hampshire Fisher Cats batting - Pitching for Memphis Blues : LHP Fernando Palácios
Batting: RHB Michael Kent 0-0: Ball
1-0: Ball
2-0: Foul Ball, location: 2F
2-1: SINGLE (Groundball, 4M)
Batting: RHB Si-xun Li 0-0: Ball
1-0: Ball
2-0: Ball
3-0: Called Strike
3-1: Foul Ball, location: 2F
3-2: Grounds into double play, U4-3 (Groundball, 4)
Batting: SHB Ken Hernández 0-0: Called Strike
0-1: Ball
1-1: Ball
2-1: Ball
3-1: Base on Balls
Batting: RHB Tim Robertson 0-0: Ball
1-0: Swinging Strike
1-1: Swinging Strike
Error on foul ball, E9
1-2: Ball
2-2: Ball
3-2: SINGLE (Groundball, 4)
Ken Hernández to second
Ken Hernández to third
Batting: RHB Felipe Rivas 0-0: Fly out, F7 (Flyball, 78D)
Top of the 3rd over - 0 run(s), 2 hit(s), 1 error(s), 2 left on base; New Hampshire 0 - Memphis 0
BOTTOM OF THE 3RD
Memphis Blues batting - Pitching for New Hampshire Fisher Cats : RHP Jim Fitzgerald
Batting: LHB Wilson Vecino 0-0: Called Strike
0-1: Ball
1-1: Fly out, F3 (Popup, 34)
Batting: SHB Terry Dailey 0-0: Called Strike
0-1: Ball
1-1: Swinging Strike
1-2: Ball
2-2: Strikes out swinging
Batting: RHB Jaime Spiridon 0-0: Foul Ball, location: 2F
0-1: DOUBLE (Line Drive, 9LM)
Batting: LHB Phil Cantrell 0-0: Foul Ball, location: 2F
0-1: Fly out, F8 (Line Drive, 8LD)
Bottom of the 3rd over - 0 run(s), 1 hit(s), 0 error(s), 1 left on base; New Hampshire 0 - Memphis 0
TOP OF THE 4TH
New Hampshire Fisher Cats batting - Pitching for Memphis Blues : LHP Fernando Palácios
Batting: LHB Tony Rivera 0-0: Ball
1-0: Fly out, F8 (Line Drive, 8LM)
Batting: RHB José Sánchez 0-0: Ball
1-0: Ball
2-0: Ball
3-0: Base on Balls
Batting: RHB Anthony Hezell 0-0: Ball
1-0: Foul Ball, location: 2F
1-1: Swinging Strike
1-2: Fly out, F9 (Flyball, 9M)
Batting: RHB Benjamin Lawson 0-0: Fly out, F9 (Flyball, 9D)
Top of the 4th over - 0 run(s), 0 hit(s), 0 error(s), 1 left on base; New Hampshire 0 - Memphis 0
BOTTOM OF THE 4TH
Memphis Blues batting - Pitching for New Hampshire Fisher Cats : RHP Jim Fitzgerald
Batting: LHB John Foster 0-0: Ball
1-0: Swinging Strike
1-1: Foul Ball, location: 2F
1-2: Ground out U3 (Groundball, 3S)
Batting: LHB Alan McGilroy 0-0: Ball
1-0: Ball
2-0: Ground out 4-3 (Groundball, 4M)
Batting: LHB Ricardo García 0-0: Ball
1-0: Ground out 3-1 (Groundball, 34S)
Bottom of the 4th over - 0 run(s), 0 hit(s), 0 error(s), 0 left on base; New Hampshire 0 - Memphis 0
TOP OF THE 5TH
New Hampshire Fisher Cats batting - Pitching for Memphis Blues : LHP Fernando Palácios
Batting: RHB Michael Kent 0-0: Called Strike
0-1: Ball
1-1: Ball
2-1: Called Strike
2-2: Foul Ball, location: 2F
2-2: Ball
3-2: SINGLE (Groundball, 6MD)
Pitching: RHP Bill Long
Batting: RHB Si-xun Li 0-0: Called Strike
0-1: Foul Ball, location: 2F
0-2: Strikes out swinging
Pitching: RHP Luis Pistoni
Batting: SHB Ken Hernández 0-0: Ball
1-0: Called Strike
1-1: Ball
2-1: Ball
3-1: Base on Balls
Michael Kent to second
Batting: RHB Tim Robertson 0-0: Fly out, F3 (Popup, 13S)
Batting: RHB Felipe Rivas 0-0: Called Strike
0-1: Swinging Strike
0-2: Strikes out looking
Top of the 5th over - 0 run(s), 1 hit(s), 0 error(s), 2 left on base; New Hampshire 0 - Memphis 0
BOTTOM OF THE 5TH
Memphis Blues batting - Pitching for New Hampshire Fisher Cats : RHP Jim Fitzgerald
Batting: RHB Jorge Fuentes 0-0: Called Strike
0-1: SINGLE (Groundball, 4MD)
Batting: LHB Ken Nelson 0-0: Ball
1-0: Ball
2-0: Called Strike
2-1: Foul Ball, location: 2F
2-2: SINGLE (Groundball, 6D)
Jorge Fuentes to second
Batting: LHB Wilson Vecino 0-0: Foul Ball, location: 2F
0-1: Foul Ball, location: 2F
0-2: Strikes out swinging
Batting: SHB Terry Dailey 0-0: Called Strike
0-1: Called Strike
0-2: Ball
1-2: Ball
2-2: SINGLE (Line Drive, 4D)
Jorge Fuentes to third
Ken Nelson to second
Runner from 3rd tries for Home, SAFE, no throw or cutoff
Batting: RHB Jaime Spiridon 0-0: DOUBLE (Line Drive, 56D)
Ken Nelson scores
Terry Dailey to third
Batting: LHB Phil Cantrell 0-0: Ball
1-0: Called Strike
1-1: Ball
2-1: Ball
3-1: Foul Ball, location: 2F
3-2: Strikes out swinging
Batting: LHB John Foster 0-0: Called Strike
0-1: Fly out, F7 (Flyball, 7D)
Bottom of the 5th over - 2 run(s), 4 hit(s), 0 error(s), 2 left on base; New Hampshire 0 - Memphis 2
TOP OF THE 6TH
New Hampshire Fisher Cats batting - Pitching for Memphis Blues : RHP Luis Pistoni
Batting: LHB Tony Rivera 0-0: Called Strike
0-1: Ball
1-1: Called Strike
1-2: Ball
2-2: Strikes out swinging
Batting: RHB José Sánchez 0-0: Ball
1-0: Ball
2-0: Called Strike
2-1: Ball
3-1: Base on Balls
Batting: RHB Anthony Hezell 0-0: Ball
1-0: Swinging Strike
1-1: Swinging Strike
1-2: Strikes out swinging
Batting: RHB Benjamin Lawson 0-0: Ball
1-0: SINGLE (Line Drive, 89S)
José Sánchez to second
Batting: RHB Michael Kent 0-0: Ball
1-0: SINGLE (Groundball, 6M)
José Sánchez to third
Benjamin Lawson to second
Runner from 3rd tries for Home, SAFE, no throw or cutoff
Batting: RHB Si-xun Li 0-0: Ball
1-0: Foul Ball, location: 2F
1-1: SINGLE (Line Drive, 6D)
Benjamin Lawson to third
Michael Kent to second
Runner from 3rd tries for Home, SAFE, throw made at trailing runner, OUT at third!
Top of the 6th over - 2 run(s), 3 hit(s), 0 error(s), 1 left on base; New Hampshire 2 - Memphis 2
BOTTOM OF THE 6TH
Memphis Blues batting - Pitching for New Hampshire Fisher Cats : RHP Jim Fitzgerald
Batting: LHB Alan McGilroy 0-0: Called Strike
0-1: Foul Ball, location: 2F
0-2: Ball
1-2: Ball
2-2: Foul Ball, location: 2F
2-2: SINGLE (Line Drive, 4D)
Batting: LHB Ricardo García 0-0: Called Strike
0-1: Foul Ball, location: 2F
0-2: Strikes out swinging
Batting: RHB Jorge Fuentes 0-0: Swinging Strike
0-1: Called Strike
0-2: Ball
1-2: Strikes out swinging
Batting: LHB Ken Nelson 0-0: Ball
1-0: Called Strike
1-1: Ball
2-1: Called Strike
2-2: Ball
3-2: SINGLE (Groundball, 4M)
Alan McGilroy to second
Alan McGilroy to third
Pitching: RHP Dave Hammond
Batting: LHB Wilson Vecino 0-0: Foul Ball, location: 2F
0-1: SINGLE (Line Drive, 4MD)
Alan McGilroy scores
Ken Nelson to second
Batting: SHB Terry Dailey 0-0: Ball
1-0: DOUBLE (Line Drive, 9LS)
Ken Nelson scores
Wilson Vecino to third
Runner from 3rd tries for Home, SAFE, no throw or cutoff
Batting: RHB Jaime Spiridon 0-0: Ball
1-0: Called Strike
1-1: Fly out, F7 (Flyball, 7LM)
Bottom of the 6th over - 3 run(s), 4 hit(s), 0 error(s), 1 left on base; New Hampshire 2 - Memphis 5
TOP OF THE 7TH
New Hampshire Fisher Cats batting - Pitching for Memphis Blues : RHP Luis Pistoni
Batting: SHB Ken Hernández 0-0: Ball
1-0: Called Strike
1-1: Ball
2-1: Ball
3-1: Ground out 1-3 (Groundball, 15)
Batting: RHB Tim Robertson 0-0: SINGLE (Groundball, 56D)
Batting: RHB Felipe Rivas 0-0: Ball
1-0: Called Strike
1-1: Ball
2-1: Ball
3-1: Foul Ball, location: 2F
3-2: SINGLE (Groundball, 3D)
Tim Robertson to second
Batting: LHB Tony Rivera 0-0: Foul Ball, location: 2F
0-1: Ball
1-1: Ball
2-1: Foul Ball, location: 2F
2-2: Ball
3-2: SINGLE (Groundball, 5S) (infield hit)
Tim Robertson to third
Felipe Rivas to second
Pinch Hitting: LHB Cam Flowers 0-0: Foul Ball, location: 2F
0-1: Called Strike
0-2: Grounds out, U3 (Groundball, 3L)
Tim Robertson scores
Felipe Rivas to third
Batting: RHB Anthony Hezell 0-0: Called Strike
0-1: Ball
1-1: Ball
2-1: Ball
3-1: Base on Balls
Batting: RHB Benjamin Lawson 0-0: Called Strike
0-1: Swinging Strike
0-2: Ball
1-2: Foul Ball, location: 2F
1-2: Ball
2-2: SINGLE (Flyball, 89S)
Felipe Rivas scores
Tony Rivera to third
Anthony Hezell to second
Runner from 3rd tries for Home, SAFE, no throw or cutoff
Pitching: RHP Pedro Orozco
Batting: RHB Michael Kent 0-0: Ball
1-0: Ball
2-0: Foul Ball, location: 2F
2-1: Foul Ball, location: 2F
2-2: Ball
3-2: Foul Ball, location: 2F
3-2: Base on Balls
Anthony Hezell to third
Benjamin Lawson to second
Batting: RHB Si-xun Li 0-0: Foul Ball, location: 2F
0-1: Ball
1-1: Foul Ball, location: 2F
1-2: Ball
2-2: Fly out, F5 (Popup, 5F)
Top of the 7th over - 3 run(s), 4 hit(s), 0 error(s), 3 left on base; New Hampshire 5 - Memphis 5
BOTTOM OF THE 7TH
Memphis Blues batting - Pitching for New Hampshire Fisher Cats : RHP Dave Hammond
Now at 3B: Cam Flowers
Batting: LHB Phil Cantrell 0-0: Ball
1-0: Foul Ball, location: 2F
1-1: Ball
2-1: Fly out, F4 (Line Drive, 4)
Batting: LHB John Foster 0-0: Fly out, F4 (Popup, 4)
Pinch Hitting: LHB Chris Austin 0-0: Ball
1-0: Called Strike
1-1: Swinging Strike
1-2: Strikes out swinging
Bottom of the 7th over - 0 run(s), 0 hit(s), 0 error(s), 0 left on base; New Hampshire 5 - Memphis 5
TOP OF THE 8TH
New Hampshire Fisher Cats batting - Pitching for Memphis Blues : RHP Pedro Orozco
Now in LF: Chris Austin
Batting: SHB Ken Hernández 0-0: Ball
1-0: Ball
2-0: Called Strike
2-1: Called Strike
2-2: Foul Ball, location: 2F
2-2: Ball
3-2: Foul Ball, location: 2F
3-2: Foul Ball, location: 2F
3-2: Base on Balls
Batting: RHB Tim Robertson 0-0: Called Strike
0-1: Called Strike
0-2: Ball
Ken Hernández steals 2nd base
1-2: Ball
2-2: Foul Ball, location: 2F
2-2: Reached on Error, E9 (Flyball, 89M)
Ken Hernández to third
Batting: RHB Felipe Rivas 0-0: Ball
1-0: Ball
2-0: Ball
3-0: Called Strike
3-1: Base on Balls
Tim Robertson to second
Batting: LHB Tony Rivera 0-0: Called Strike
0-1: Ball
1-1: Foul Ball, location: 2F
1-2: DOUBLE (Groundball, 3L)
Ken Hernández scores
Tim Robertson scores
Felipe Rivas to third
Batting: LHB Cam Flowers 0-0: Ball
1-0: Ball
2-0: Ball
3-0: Base on Balls
Batting: RHB Anthony Hezell 0-0: Ball
1-0: Called Strike
1-1: Ball
2-1: Foul Ball, location: 2F
2-2: Strikes out swinging
Batting: RHB Benjamin Lawson 0-0: Called Strike
0-1: Called Strike
0-2: Foul Ball, location: 2F
0-2: Foul Ball, location: 2F
0-2: Strikes out looking
Batting: RHB Michael Kent 0-0: Called Strike
0-1: Ball
Wild Pitch!
Felipe Rivas scores
Tony Rivera to third
Cam Flowers to second
1-1: Fly out, F2 (Popup, 2LF)
Top of the 8th over - 3 run(s), 1 hit(s), 1 error(s), 2 left on base; New Hampshire 8 - Memphis 5
BOTTOM OF THE 8TH
Memphis Blues batting - Pitching for New Hampshire Fisher Cats : RHP Dave Hammond
Batting: LHB Ricardo García 0-0: Foul Ball, location: 2F
0-1: Ball
1-1: Swinging Strike
1-2: Ball
2-2: Ball
3-2: Ground out 1-3 (Groundball, 15)
Pitching: LHP Artie Nelson
Batting: RHB Jorge Fuentes 0-0: Ball
1-0: Ball
2-0: Foul Ball, location: 2F
2-1: Foul Ball, location: 2F
2-2: Ball
3-2: Ground out 4-3 (Groundball, 4M)
Batting: LHB Ken Nelson 0-0: Foul Ball, location: 2F
0-1: Swinging Strike
0-2: Reached on error, E4 (Groundball, 4)
Batting: LHB Wilson Vecino 0-0: Ground out U3 (Groundball, 3S)
Bottom of the 8th over - 0 run(s), 0 hit(s), 1 error(s), 1 left on base; New Hampshire 8 - Memphis 5
TOP OF THE 9TH
New Hampshire Fisher Cats batting - Pitching for Memphis Blues : RHP Pedro Orozco
Pitching: RHP Glenn Johnson
Batting: RHB Si-xun Li 0-0: Ball
1-0: Foul Ball, location: 2F
1-1: SINGLE (Groundball, 56D)
Batting: SHB Ken Hernández 0-0: Swinging Strike
Si-xun Li is caught stealing 2nd base
0-1: Ground out 4-3 (Groundball, 4)
Batting: RHB Tim Robertson 0-0: Ball
1-0: Ball
2-0: Ball
3-0: Base on Balls
Batting: RHB Felipe Rivas 0-0: Called Strike
0-1: Foul Ball, location: 2F
0-2: Ball
1-2: Ball
2-2: Foul Ball, location: 2F
2-2: Fly out, F9 (Flyball, 9LSF)
Top of the 9th over - 0 run(s), 1 hit(s), 0 error(s), 1 left on base; New Hampshire 8 - Memphis 5
BOTTOM OF THE 9TH
Memphis Blues batting - Pitching for New Hampshire Fisher Cats : LHP Artie Nelson
Pitching: RHP Troy Bannon
Batting: SHB Terry Dailey 0-0: Ball
1-0: Called Strike
1-1: Ball
2-1: Foul Ball, location: 2F
2-2: Foul Ball, location: 2F
2-2: Fly out, F7 (Flyball, 7S)
Batting: RHB Jaime Spiridon 0-0: Ball
1-0: Ground out 6-3 (Groundball, 6)
Batting: LHB Phil Cantrell 0-0: Fly out, F9 (Flyball, 9M)
Bottom of the 9th over - 0 run(s), 0 hit(s), 0 error(s), 0 left on base; New Hampshire 8 - Memphis 5
Monday, December 5th, 2016 - OOTP Baseball 17.12 Build 75